 Dungeon Crawl Stone Soup version 0.26-a0-1132-ge9770dfcb6 (webtiles) character file.

Game seed: 4858055364601158972

4847 Gargoyl the Fighter (level 10, -9/82 HPs)
             Began as a Gnoll Abyssal Knight on Dec 20, 2020.
             Was a High Priest of Lugonu.
             Mangled by a red ugly thing (16 damage)
             ... on level 8 of the Dungeon.
             The game lasted 00:12:22 (9445 turns).

Gargoyl the Fighter (Gnoll Abyssal Knight)          Turns: 9445, Time: 00:12:22

Health: -9/82      AC: 18    Str: 17    XL:     10   Next: 49%
Magic:  18/18      EV:  8    Int: 14    God:    Lugonu [*****.]
Gold:   337        SH:  0    Dex: 16    Spells: 19/19 levels left

rFire    . . .     SeeInvis .   d - +0 broad axe (vorpal)
rCold    . . .     Faith    .   (no shield)
rNeg     . . .     Spirit   .   e - +0 plate armour
rPois    .         Reflect  .   g - +1 helmet
rElec    .         Harm     .   (no cloak)
rCorr    .         Rampage  .   b - +2 pair of gloves
Will     .....                  (no boots)
Stlth    ..........             (no amulet)
HPRegen  0.23/turn              l - ring of attention (curse)
MPRegen  0.16/turn              (no ring)

@: no status effects
A: distributed training, fangs 1, strong nose
a: Renounce Religion, Depart the Abyss, Bend Space, Banish, Corrupt, Enter the
Abyss


You were on level 8 of the Dungeon.
You worshipped Lugonu.
Lugonu was extremely pleased with you.
You visited 1 branch of the dungeon, and saw 9 of its levels.
You visited the Abyss 1 time.
You also visited: Ossuary.

You collected 337 gold pieces.

Inventory:

Hand Weapons
 a - a +1 hand axe
 c - a +2 long sword of holy wrath
 d - a +0 vorpal broad axe (weapon)
Missiles
 k - 2 curare-tipped darts
 p - 33 poisoned darts
Armour
 b - a +2 pair of gloves (worn)
 e - a +0 plate armour (worn)
 g - a +1 helmet (worn)
Jewellery
 l - a cursed ring of attention (left hand)
Wands
 r - a wand of digging (7)
 y - a wand of iceblast (6)
Scrolls
 f - 8 scrolls of remove curse
 n - a scroll of identify
 q - a scroll of silence
 s - 4 scrolls of teleportation
 x - a scroll of fear
Potions
 h - a potion of brilliance
 i - 2 potions of haste
 j - a potion of heal wounds
 m - 4 potions of curing
 t - a potion of lignification
 u - a potion of berserk rage
 v - a potion of flight {unknown}


   Skills:
 + Level 8.5 Fighting
 + Level 5.3 Short Blades
 + Level 5.3 Long Blades
 + Level 7.1 Axes
 + Level 5.3 Maces & Flails
 + Level 5.3 Polearms
 + Level 5.3 Staves
 + Level 5.3 Slings
 + Level 5.3 Bows
 + Level 5.3 Crossbows
 + Level 5.3 Throwing
 + Level 7.1 Armour
 + Level 6.0 Dodging
 + Level 5.3 Stealth
 + Level 5.3 Shields
 + Level 5.3 Unarmed Combat
 + Level 5.3 Spellcasting
 + Level 4.4 Conjurations
 + Level 4.4 Hexes
 + Level 4.4 Summonings
 + Level 4.4 Necromancy
 + Level 4.4 Translocations
 + Level 4.4 Transmutations
 + Level 4.4 Fire Magic
 + Level 4.4 Ice Magic
 + Level 4.4 Air Magic
 + Level 4.4 Earth Magic
 + Level 4.4 Poison Magic
 + Level 7.5 Invocations
 + Level 5.3 Evocations


You had 19 spell levels left.
You didn't know any spells.
Your spell library contained the following spells:

 Spells                   Type           Power        Failure   Level
 Magic Dart               Conj           64%          67%         1
 Shock                    Conj/Air       64%          67%         1
 Blink                    Tloc           N/A          80%         2
 Call Imp                 Summ           16%          80%         2
 Slow                     Hex            16%          80%         2
 Swiftness                Air            16%          80%         2
 Conjure Flame            Conj/Fire      16%          95%         3
 Mephitic Cloud           Conj/Pois/Air  16%          95%         3
 Static Discharge         Conj/Air       16%          95%         3
 Airstrike                Air            8%           100%        4
 Lightning Bolt           Conj/Air       8%           100%        5


Dungeon Overview and Level Annotations

Branches:
Dungeon (9/15)             Temple (0/1) D:4         Ossuary (visited)
   Lair: D:8-11         Orc: D:9-12

Altars:
Ashenzari
Dithmenos
Elyvilon
Kikubaaqudgha
Makhleb
Okawaru
Ru
Vehumet
Wu Jian
Yredelemnul
Zin


Innate Abilities, Weirdness & Mutations

Your experience applies equally to all skills.
You have very sharp teeth.
Your uncanny sense of smell can sniff out nearby items.


Message History

The hornet zombie closely misses you.
You slash the hornet zombie!
The hornet zombie is moderately damaged.
You slash the red ugly thing!
The red ugly thing is lightly wounded.
The red ugly thing bites you but does no damage.
You hit the red ugly thing. Your bite misses the red ugly thing.
The red ugly thing is moderately wounded.
The red ugly thing bites you.
You are engulfed in flames!
You closely miss the red ugly thing. You bite the red ugly thing.
The red ugly thing is moderately wounded.
The red ugly thing bites you.
You are engulfed in flames!
The red ugly thing bites you.
You are engulfed in flames!!
* * * LOW HITPOINT WARNING * * *
You slash the red ugly thing!
The red ugly thing is heavily wounded.
The red ugly thing bites you!
* * * LOW HITPOINT WARNING * * *
You are engulfed in flames!
You die...

∆ .... ### ....
#..# .#.. .....
#.#..# #.#.# ...
.#...∆ ....#...
...# #.#.#.##
######.#..#
#.#.uZ.#
÷...)..#..####.#@#
########..#....#.#
[#######.......#.#
..........#.##.#.#
.#######..#.##.#.#
.#......†.#.##.#.#
.#.#####.##.##.#.#
.#..........#..!.#
..######.#########


You could see a red ugly thing and a hornet zombie.

Vanquished Creatures
  Maggie (D:6)
  Grinder (D:5)
  A wyvern (D:8)
  5 yaks
  Edmund (D:4)
  A water moccasin (D:4)
  An orc warrior (D:6)
  An ice beast (D:5)
  2 centaurs
  2 ogres
  9 bullfrogs
  2 big kobolds (D:7)
  Blork the orc (D:6)
  4 elf skeletons (D:7)
  5 water moccasin zombies (Ossuary)
  A howler monkey (D:5)
  A quasit (D:5)
  A gnoll shaman (D:4)
  3 human zombies (D:7)
  3 hounds
  2 jellies (D:7)
  5 orc priests
  A bullfrog skeleton (D:6)
  A centaur skeleton (D:5)
  10 orc wizards
  2 human skeletons (D:7)
  3 iguanas
  9 worker ants
  3 big kobold zombies (Ossuary)
  2 mummies (Ossuary)
  A howler monkey skeleton (D:4)
  6 adders
  5 gnolls
  4 white imps
  An ufetubus (D:6)
  An ooze (D:4)
  3 adder zombies (Ossuary)
  A worm (D:6)
  A dart slug (D:4)
  6 leopard geckos
  22 orcs
  5 giant cockroaches
  4 goblins
  6 hobgoblins
  18 jackals
  14 kobolds
  3 quokkas
  8 bats
  5 frilled lizards
  3 gnoll zombies (Ossuary)
  4 hobgoblin zombies (Ossuary)
  8 kobold zombies (Ossuary)
  An orc skeleton (D:7)
  4 orc zombies
  A quokka skeleton (D:7)
  5 rats (D:1)
224 creatures vanquished.

Notes
Turn   | Place    | Note
-------+----------+-------------------------------------------
     0 | Abyss:1  | Gargoyl the Gnoll Abyssal Knight began the quest for the
                  | Orb.
     0 | Abyss:1  | Reached XP level 1. HP: 23/23 MP: 3/3
    77 | Abyss:2  | Noticed a large abomination
   103 | Abyss:3  | Noticed a large abomination
   127 | Abyss:3  | Noticed a large abomination
   133 | Abyss:3  | Noticed a large abomination
   137 | Abyss:3  | Noticed an Executioner
   140 | Abyss:3  | Noticed a hellwing
   141 | D:1      | Escaped the Abyss
   495 | D:1      | Found a broken altar of Ashenzari.
   652 | D:1      | Reached XP level 2. HP: 28/29 MP: 5/5
   690 | D:1      | Reached * piety under Lugonu
   825 | D:1      | Reached XP level 3. HP: 35/35 MP: 6/6
  1392 | D:2      | Reached skill level 1 in Short Blades
  1392 | D:2      | Reached skill level 1 in Long Blades
  1392 | D:2      | Reached skill level 1 in Maces & Flails
  1392 | D:2      | Reached skill level 1 in Polearms
  1392 | D:2      | Reached skill level 1 in Staves
  1392 | D:2      | Reached skill level 1 in Slings
  1392 | D:2      | Reached skill level 1 in Bows
  1392 | D:2      | Reached skill level 1 in Crossbows
  1392 | D:2      | Reached skill level 1 in Throwing
  1392 | D:2      | Reached skill level 1 in Stealth
  1392 | D:2      | Reached skill level 1 in Shields
  1392 | D:2      | Reached skill level 1 in Unarmed Combat
  1392 | D:2      | Reached skill level 1 in Spellcasting
  1392 | D:2      | Reached skill level 1 in Evocations
  1392 | D:2      | Reached XP level 4. HP: 34/41 MP: 7/7
  1556 | D:2      | Found a burning altar of Makhleb.
  1559 | D:2      | Found a basalt altar of Yredelemnul.
  1560 | D:2      | Found a shadowy altar of Dithmenos.
  1560 | D:2      | Found a glowing silver altar of Zin.
  1560 | D:2      | Found an ancient bone altar of Kikubaaqudgha.
  1560 | D:2      | Found an ornate altar of the Wu Jian Council.
  1566 | D:2      | Found a broken altar of Ashenzari.
  1567 | D:2      | Found a radiant altar of Vehumet.
  1568 | D:2      | Found an iron altar of Okawaru.
  1981 | D:3      | Reached ** piety under Lugonu
  2076 | D:3      | Reached skill level 1 in Conjurations
  2076 | D:3      | Reached skill level 1 in Hexes
  2076 | D:3      | Reached skill level 1 in Summonings
  2076 | D:3      | Reached skill level 1 in Necromancy
  2076 | D:3      | Reached skill level 1 in Translocations
  2076 | D:3      | Reached skill level 1 in Transmutations
  2076 | D:3      | Reached skill level 1 in Fire Magic
  2076 | D:3      | Reached skill level 1 in Ice Magic
  2076 | D:3      | Reached skill level 1 in Air Magic
  2076 | D:3      | Reached skill level 1 in Earth Magic
  2076 | D:3      | Reached skill level 1 in Poison Magic
  2090 | D:3      | Reached XP level 5. HP: 36/47 MP: 8/8
  2569 | D:3      | Found a sacrificial altar of Ru.
  3017 | D:4      | Reached skill level 5 in Invocations
  3026 | D:4      | Reached XP level 6. HP: 32/53 MP: 9/9
  3090 | D:4      | Reached skill level 5 in Axes
  3090 | D:4      | Reached skill level 5 in Armour
  3337 | D:4      | Noticed Edmund
  3365 | D:4      | Killed Edmund
  3366 | D:4      | Reached XP level 7. HP: 45/59 MP: 7/10
  3494 | D:4      | Reached skill level 7 in Fighting
  3847 | D:4      | Found a staircase to the Ecumenical Temple.
  4250 | D:5      | Entered Level 5 of the Dungeon
  4427 | D:5      | Found the +5 robe of Misfortune {*Contam Harm *Corrode
                  | *Drain *Slow EV+5}
  4529 | D:5      | Reached *** piety under Lugonu
  5065 | D:5      | Noticed Grinder
  5069 | D:5      | Paralysed by Grinder for 3 turns
  5074 | D:5      | Killed Grinder
  5075 | D:5      | Reached XP level 8. HP: 21/66 MP: 12/12
  6429 | D:6      | You fall into a shaft and drop 1 floor!
  6657 | D:7      | Reached XP level 9. HP: 61/72 MP: 14/14
  6785 | D:7      | Found a sand-covered staircase.
  6796 | Ossuary  | Entered an ossuary
  6892 | Ossuary  | Reached **** piety under Lugonu
  6986 | Ossuary  | Reached skill level 5 in Dodging
  7432 | D:7      | Reached skill level 8 in Fighting
  7502 | D:7      | Found a white marble altar of Elyvilon.
  7833 | D:6      | Noticed Maggie
  7850 | D:6      | Killed Maggie
  7851 | D:6      | Reached XP level 10. HP: 58/80 MP: 15/17
  8111 | D:6      | Reached ***** piety under Lugonu
  8224 | D:6      | Noticed Blork the orc
  8232 | D:6      | Killed Blork the orc
  8478 | D:7      | Reached skill level 5 in Short Blades
  8478 | D:7      | Reached skill level 5 in Long Blades
  8478 | D:7      | Reached skill level 5 in Maces & Flails
  8478 | D:7      | Reached skill level 5 in Polearms
  8478 | D:7      | Reached skill level 5 in Staves
  8478 | D:7      | Reached skill level 5 in Slings
  8478 | D:7      | Reached skill level 5 in Bows
  8478 | D:7      | Reached skill level 5 in Crossbows
  8478 | D:7      | Reached skill level 5 in Throwing
  8478 | D:7      | Reached skill level 5 in Stealth
  8478 | D:7      | Reached skill level 5 in Shields
  8478 | D:7      | Reached skill level 5 in Unarmed Combat
  8478 | D:7      | Reached skill level 5 in Spellcasting
  8478 | D:7      | Reached skill level 5 in Evocations
  9076 | D:9      | HP: 4/82 [yak (10)]
  9437 | D:8      | Noticed a red ugly thing
  9445 | D:8      | Mangled by a red ugly thing

Illustrated notes

Levels and vault maps discovered:
D:1:      grunt_arrival_lava_bath, layout_loops_ring,
          nicolae_ashenzari_panopticon
D:2:      layout_basic, minitemple
D:3:      layout_basic, nicolae_ru_sacrificial_ziggurat
D:4:      layout_basic, minmay_temple_entry_statues, serial_co_window_serial,
          co_window_paths_b, co_window_corner_a, co_window_corner_a,
          co_window_of_opportunity_a, co_window_paths_a, co_window_paths_b,
          co_window_2corner, co_window_corner_ca, co_window_cross_2,
          glass_columns_a, glass_columns_c, glass_columns_a, glass_columns_c,
          glass_columns_a, uniq_edmund
D:5:      layout_cave_pools, roderic_roman_lattice, uniq_grinder
D:6:      layout_rooms, kennysheep_generic_room_3, uniq_maggie,
          uniq_blork_the_orc
D:7:      layout_gridville, nicolae_ossuary_entry_catacombs, elyvilon_altar_3
D:8:      layout_basic
D:9:      layout_gridville

Skill      XL: |  1  2  3  4  5  6  7  8  9 10 |
---------------+-------------------------------+-----
Short Blades   | 1 2 3 4 5 |  5.3
Long Blades    | 1 2 3 4 5 |  5.3
Maces & Flails | 1 2 3 4 5 |  5.3
Polearms       | 1 2 3 4 5 |  5.3
Staves         | 1 2 3 4 5 |  5.3
Slings         | 1 2 3 4 5 |  5.3
Bows           | 1 2 3 4 5 |  5.3
Crossbows      | 1 2 3 4 5 |  5.3
Throwing       | 1 2 3 4 5 |  5.3
Stealth        | 1 2 3 4 5 |  5.3
Shields        | 1 2 3 4 5 |  5.3
Unarmed Combat | 1 2 3 4 5 |  5.3
Spellcasting   | 1 2 3 4 5 |  5.3
Evocations     | 1 2 3 4 5 |  5.3
Conjurations   | 1 2 3 4 |  4.4
Hexes          | 1 2 3 4 |  4.4
Summonings     | 1 2 3 4 |  4.4
Necromancy     | 1 2 3 4 |  4.4
Translocations | 1 2 3 4 |  4.4
Transmutations | 1 2 3 4 |  4.4
Fire Magic     | 1 2 3 4 |  4.4
Ice Magic      | 1 2 3 4 |  4.4
Air Magic      | 1 2 3 4 |  4.4
Earth Magic    | 1 2 3 4 |  4.4
Poison Magic   | 1 2 3 4 |  4.4
Dodging        | 3 4 5 6 |  6.0
Invocations    | 5 6 7 |  7.5
Axes           | 5 6 7 |  7.1
Armour         | 5 6 7 |  7.1
Fighting       | 7 8 |  8.5

Action                   |  1- 3 |  4- 6 |  7- 9 | 10-12 || total
-------------------------+-------+-------+-------+-------++-------
Melee: Broad axe         |    93 |   164 |   259 |   109 ||   625
       Bite              |     8 |    12 |    49 |    11 ||    80
       Punch             |       |     2 |     7 |     2 ||    11
       Long sword        |       |       |   169 |       ||   169
Invok: Depart the Abyss  |     1 |       |       |       ||     1
       Bend Space        |       |       |     1 |     1 ||     2
  Use: Potion            |     1 |     1 |     1 |     2 ||     5
       Scroll            |     3 |     3 |     5 |     7 ||    18
Armor: Plate armour      |   107 |   215 |   456 |    86 ||   864
Dodge: Dodged            |    39 |    74 |   238 |    72 ||   423
       Rpst.: Long sword |       |       |    13 |       ||    13

Table legend: (Time is in decaauts)
 A = Elapsed time spent in this place.
 B = Non-inter-level travel time spent in this place.
 C = Inter-level travel time spent in this place.
 D = Time resting spent in this place.
 E = Time spent auto-exploring this place.
 F = Levels seen in this place.
 G = Mean time per level.
                   A        B        C        D        E       F      G
               +--------+--------+--------+--------+--------+-----+--------+
         Total |   9798 |   9537 |    261 |   1758 |   5559 |  13 |  753.7 |
       Dungeon |   9326 |   9065 |    261 |   1714 |   5428 |   9 | 1036.2 |
         Abyss |    140 |    140 |      0 |      0 |     52 |   3 |   46.7 |
       Ossuary |    330 |    330 |      0 |     44 |     79 |   1 |  330.0 |
               +--------+--------+--------+--------+--------+-----+--------+

Top non-repeatable levels by time:
     D:4: 2361 daAuts
     D:7: 1470 daAuts
     D:5: 1277 daAuts
     D:1: 1061 daAuts
     D:3: 1034 daAuts
     D:6: 847 daAuts
     D:2: 820 daAuts
 Ossuary: 330 daAuts
     D:9: 253 daAuts
     D:8: 199 daAuts
 Abyss:2: 51 daAuts
 Abyss:3: 47 daAuts
 Abyss:1: 41 daAuts
